 Dungeon Crawl Stone Soup version 0.29-a0-330-g52719c12eb (webtiles) character file.

Game seed: 1922118930011273985

101 kae the Sneak (level 4, -3/21 HPs)
             Began as a Spriggan Enchanter on Apr 23, 2022.
             Killed by divine providence
             ... invoked by an orc priest
              (13 damage)
             ... on level 3 of the Dungeon.
             The game lasted 00:02:23 (2465 turns).

kae the Sneak (Spriggan Enchanter)                  Turns: 2465, Time: 00:02:24

Health: -3/21      AC:  6    Str:  6    XL:     4   Next: 48%
Magic:  8/10       EV: 18    Int: 16    God:
Gold:   115        SH:  5    Dex: 15    Spells: 2/10 levels left

rFire   . . .      SeeInvis +   q - +0 short sword (elec)
rCold   . . .      Faith    .   (no shield)
rNeg    . . .      Spirit   .   b - +0 robe
rPois   .          Reflect  +   (helmet restricted)
rElec   .          Harm     .   (no cloak)
rCorr   .          Rampage  .   (gloves unavailable)
Will    .....                   (boots unavailable)
Stlth   +++.......              i - amulet of reflection
HPRegen 0.07/turn               e - +4 ring of protection
MPRegen 0.12/turn               (no ring)

@: very quick
A: very small, no large weapons, unfitting armour, see invisible, speed 3
a: no special abilities


You were on level 3 of the Dungeon.
You visited 1 branch of the dungeon, and saw 3 of its levels.

You collected 115 gold pieces.

Inventory:

Hand Weapons
 a - a +1 dagger
 q - a +0 short sword of electrocution (weapon)
Armour
 b - a +0 robe (worn)
Jewellery
 e - a +4 ring of protection (left hand)
 i - an amulet of reflection (around neck)
 n - a ring of fire
Wands
 o - a wand of acid (13)
Scrolls
 d - 3 scrolls of identify {unknown}
 g - a scroll of immolation {unknown}
 h - 2 scrolls of enchant armour {unknown}
 j - 3 scrolls of silence {unknown}
 k - a scroll of acquirement {unknown}
 l - a scroll of torment {unknown}
 p - a scroll of teleportation {unknown}
 r - a scroll of magic mapping {unknown}
Potions
 c - 3 potions of invisibility
 f - 3 potions of curing {unknown}
 m - a potion of mutation {unknown}
 s - a potion of flight {unknown}
 t - a potion of lignification {unknown}


   Skills:
 + Level 2.2 Short Blades
 + Level 3.5 Dodging
 + Level 5.3 Stealth
 + Level 3.6 Spellcasting
 + Level 4.2 Hexes
 * Level 0.6 Ice Magic


You had 2 spell levels left.
You knew the following spells:

 Your Spells              Type           Power      Damage    Failure   Level
a - Ensorcelled Hibernat  Hex/Ice        20%        N/A       10%         2
b - Confusing Touch       Hex            16%        N/A       9%          3
c - Tukima's Dance        Hex            16%        N/A       9%          3

Your spell library contained the following spells:

 Spells                   Type           Power      Damage    Failure   Level
 Foxfire                  Conj/Fire      8%         2x1d4     19%         1
 Dazzling Flash           Conj/Hex       18%        N/A       22%         3
 Inner Flame              Hex/Fire       9%         N/A       22%         3
 Conjure Flame            Conj/Fire      2%         6-21      47%         3
 Flame Wave               Conj/Fire      2%         2d4       87%         4
 Conjure Ball Lightning   Conj/Air       1%         3x3d6     100%        6
 Discord                  Hex            8%         N/A       100%        8
 Disjunction              Tloc           1%         N/A       100%        8


Dungeon Overview and Level Annotations

Branches:
Dungeon (3/15)

Altars:
Beogh

Shops:
D:3 (


Innate Abilities, Weirdness & Mutations

You are very small and have problems with some larger weapons.
You are too small for most types of armour.
You have supernaturally acute eyesight. (SInv)
You cover ground extremely quickly. (Speed+++)


Message History

The orc priest casts a cantrip, but nothing happens.
You climb upwards.
There is a stone staircase leading down here.
You start resting.
Magic restored.
HP restored.
You start waiting.
Done waiting.
You climb downwards.
The orc priest mumbles some strange prayers to Beogh against you.
Beogh smites you!
There is a stone staircase leading up here.
Things that are here:
a +0 dagger; a bat skeleton; an orc skeleton
Casting: Ensorcelled Hibernation (safe; 10% risk of failure)
Confirm with . or Enter, or press ? or * to list all spells.
Aiming: Ensorcelled Hibernation (safe; 10% risk of failure)
Press: ? - help, Shift-Dir - straight line, f - orc priest
Aim: an orc priest, wielding a +0 dagger (chance to affect: 44%)
The orc priest looks drowsy...
Casting: Ensorcelled Hibernation (safe; 10% risk of failure)
Confirm with . or Enter, or press ? or * to list all spells.
You can't see any susceptible monsters within range! (Use Z to cast anyway.)
Casting: Ensorcelled Hibernation (safe; 10% risk of failure)
Confirm with . or Enter, or press ? or * to list all spells.
You can't see any susceptible monsters within range! (Use Z to cast anyway.)
The helpless orc priest fails to defend itself.
You puncture the orc priest!
The orc priest is almost dead.
The orc priest hits you with a +0 dagger.
There is a stone staircase leading up here.
Things that are here:
a +0 dagger; a bat skeleton; an orc skeleton An orc priest is nearby!
You barely miss the orc priest.
The orc priest is almost dead.
The orc priest calls down the wrath of Beogh upon you.
Beogh smites you!
Ouch! That really hurt!
You die...

###.....#....[.#...#.....#.......
.#................## #...#.....o.
...................# #..........
.................#.## #.##.g.o...
#............>...#..# #..........
.................##.# ####.......
.................##.######o......
.................##..............
...............o@[......##.......
.....[.....(....#######.##.PP....
......###.#####.# #.##..∩P..#
......# #.# #.# .....P.P...
##.##.###.# #.##### .........##
##.##..##.# #.....#......?..##
##.###.##.## ##....#.........#
.....#..#..#####....#
....................#


You could see an orc priest.

Vanquished Creatures
  2 adders
  A worm (D:2)
  9 dart slugs
  2 orcs (D:3)
  8 ball pythons
  6 endoplasms
  4 giant cockroaches
  A goblin (D:2)
  2 hobgoblins
  3 jackals (D:1)
  7 bats
  4 frilled lizards
  7 kobolds
  4 rats
60 creatures vanquished.

Vanquished Creatures (others)
  A plant (D:3)
1 creature vanquished.

Grand Total: 61 creatures vanquished

Notes
Turn   | Place    | Note
-------+----------+-------------------------------------------
     0 | D:1      | kae the Spriggan Enchanter began the quest for the Orb.
     0 | D:1      | Reached XP level 1. HP: 9/9 MP: 5/5
   106 | D:1      | Reached XP level 2. HP: 13/13 MP: 6/6
   109 | D:1      | Learned a level 2 spell: Ensorcelled Hibernation
   648 | D:1      | Found a faded altar of an unknown god.
   785 | D:1      | Reached XP level 3. HP: 16/16 MP: 8/8
  1015 | D:2      | Learned a level 3 spell: Confusing Touch
  1043 | D:2      | Reached skill level 5 in Stealth
  1405 | D:2      | Reached XP level 4. HP: 21/21 MP: 8/10
  1445 | D:2      | Learned a level 3 spell: Tukima's Dance
  1874 | D:3      | Found Mecyih's Antique Weapon Shop.
  2465 | D:3      | Killed from afar by an orc priest

Illustrated notes

Levels and vault maps discovered:
D:1:      minmay_arrival_three_doors, layout_rooms,
          hellmonk_ecumenical_altar_defaced_shrine
D:2:      layout_rooms
D:3:      layout_rooms, serial_shops, nicolae_shop_overgrown_old_shop,
          kennysheep_generic_room_10

Skill      XL: |  1  2  3 |
---------------+----------+-----
Dodging        | 3 |  3.5
Spellcasting   | 3 |  3.6
Hexes          | 4 |  4.2
Stealth        | 5 |  5.3
Short Blades   | 2 |  2.2
Ice Magic      | |  0.6

Action                   |  1- 3 |  4- 6 || total
-------------------------+-------+-------++-------
Melee: Dagger            |   141 |    12 ||   153
       Punch             |     3 |     1 ||     4
       Short sword       |       |    46 ||    46
 Cast: Ensorcelled Hiber |    15 |     8 ||    23
 Stab: Sleeping          |    17 |     5 ||    22
Armor: Robe              |    19 |    16 ||    35
Dodge: Dodged            |   114 |    59 ||   173
Block: Other             |    15 |    12 ||    27

Table legend: (Time is in decaauts)
 A = Elapsed time spent in this place.
 B = Non-inter-level travel time spent in this place.
 C = Inter-level travel time spent in this place.
 D = Time resting spent in this place.
 E = Time spent auto-exploring this place.
 F = Levels seen in this place.
 G = Mean time per level.
                   A        B        C        D        E       F      G
               +--------+--------+--------+--------+--------+-----+--------+
         Total |   1961 |   1947 |     14 |    608 |    856 |   3 |  653.7 |
       Dungeon |   1961 |   1947 |     14 |    608 |    856 |   3 |  653.7 |
               +--------+--------+--------+--------+--------+-----+--------+

Top non-repeatable levels by time:
     D:2: 967 daAuts
     D:1: 710 daAuts
     D:3: 283 daAuts
